 Dungeon Crawl Stone Soup version 0.28-a0-1555-g9ae15a6949 (webtiles) character file.

Game seed: 7305247307962566826

67 knot the Chopper (level 4, 24/52 HPs)
             Began as a Demonspawn Berserker on Jan 18, 2022.
             Was a Follower of Trog.
             Quit the game on level 2 of the Dungeon.
             The game lasted 00:01:19 (1571 turns).

knot the Chopper (Demonspawn Berserker)             Turns: 1571, Time: 00:01:19

Health: 24/52      AC:  3    Str: 17    XL:     4   Next: 0%
Magic:  4/4        EV: 12    Int: 11    God:    Trog [*.....]
Gold:   87         SH:  0    Dex: 12    Spells: 3/3 levels left

rFire   . . .      SeeInvis .   a - +0 hand axe
rCold   . . .      Faith    .   (no shield)
rNeg    . . .      Spirit   .   b - +0 animal skin
rPois   .          Reflect  .   (no helmet)
rElec   .          Harm     .   (no cloak)
rCorr   .          Rampage  .   (no gloves)
Will    .....                   (no boots)
Stlth   ..........              (no amulet)
HPRegen 0.17/turn               (no ring)
MPRegen 0.18/turn               (no ring)

@: berserking, very quick
A: claws 1, magic regeneration, sharp scales 1
a: Renounce Religion, Berserk


You were on level 2 of the Dungeon.
You worshipped Trog.
Trog was aware of your devotion.
You visited 1 branch of the dungeon, and saw 2 of its levels.

You collected 87 gold pieces.

Inventory:

Hand Weapons
 a - a +0 hand axe (weapon)
Missiles
 c - 21 stones (quivered)
Armour
 b - a +0 animal skin (worn)
Scrolls
 d - a scroll of summoning {unknown}
 g - a scroll of holy word {unknown}
Potions
 e - 2 potions of curing
 f - a potion of magic {unknown}
 h - a potion of attraction {unknown}
 i - a potion of might {unknown}


   Skills:
 - Level 3.0 Fighting
 + Level 4.4 Axes
 - Level 1.7 Armour
 - Level 1.7 Dodging


You had 3 spell levels left.
You didn't know any spells.
Your spell library contained the following spells:

 Spells                   Type           Power      Damage    Failure   Level
 Static Discharge         Conj/Air       0%         N/A       47%         2
 Dispel Undead            Necr           0%         3d6       98%         4
 Sticky Flame             Conj/Fire      0%         2d3       98%         4


Dungeon Overview and Level Annotations

Branches:
Dungeon (2/15)

Altars:


Innate Abilities, Weirdness & Mutations

You have sharp fingernails.
You regenerate magic rapidly.
You are partially covered in razor-sharp scales. (AC +1, Slay +1)


Message History

You are no longer poisoned.
The adder misses you.
You closely miss the adder.
The adder is lightly wounded.
You slash the rat!
You kill the rat!
Trog accepts your kill. The adder bites you.
You are poisoned.
The adder poisons you!
You miss the adder.
The adder is lightly wounded.
You feel sick. The adder bites you.
You barely miss the adder.
The adder is lightly wounded.
You feel sick. The adder bites you but does no damage.
You closely miss the adder.
The adder is lightly wounded.
You feel sick. The adder barely misses you.
You are too injured to fight recklessly!
You are too injured to fight recklessly!
You are too injured to fight recklessly!
You are too injured to fight recklessly!
You are too injured to fight recklessly!
You are too injured to fight recklessly!
You closely miss the adder.
The adder is lightly wounded.
You feel sick.
You are no longer poisoned.
The adder bites you but does no damage.
You miss the adder.
The adder is lightly wounded.
The adder closely misses you.
You slash the adder!
You kill the adder!
Trog accepts your kill.
You have reached level 4!
You feel clever.
Your demonic ancestry asserts itself...
Sharp scales grow over part of your body.
Are you sure you want to abandon this character and quit the game? (Confirm with "yes".)

......##.####...###.#...)....#...
......##....## . #.#.....#..#...
......##..#...# ..#.......+..#...
#########.#....# .###.....##.####
# .##.... ..##(....##..... ..
#...##.##.....####### .
#.)$#.##........P...
#..###.#..#............
#....@#..#...###.≈...P
####.....#...# P.⌠P.. #####.#...#
P⌠...P #.....#


.P.PPP ####### ...P.. ....P. There were no monsters in sight!

Vanquished Creatures
  3 adders (D:2)
  3 worms (D:2)
  A dart slug (D:2)
  3 ball pythons
  A bat (D:2)
  4 endoplasms
  3 giant cockroaches (D:2)
  2 goblins (D:2)
  2 jackals (D:1)
  A quokka (D:2)
  2 frilled lizards (D:2)
  3 kobolds
  A rat (D:2)
29 creatures vanquished.

Vanquished Creatures (others)
  26 plants (D:2)
26 creatures vanquished.

Grand Total: 55 creatures vanquished

Notes
Turn   | Place    | Note
-------+----------+-------------------------------------------
     0 | D:1      | knot the Demonspawn Berserker began the quest for the Orb.
     0 | D:1      | Reached XP level 1. HP: 18/18 MP: 1/1
   115 | D:1      | Reached skill level 3 in Axes
   463 | D:1      | Gained mutation: You regenerate magic rapidly. [demonic
                  | ancestry]
   463 | D:1      | Reached XP level 2. HP: 24/24 MP: 2/2
  1012 | D:2      | Gained mutation: You have sharp fingernails. [demonic
                  | ancestry]
  1012 | D:2      | Reached XP level 3. HP: 29/29 MP: 3/3
  1045 | D:2      | Reached skill level 4 in Axes
  1570 | D:2      | Gained mutation: You are partially covered in razor-sharp
                  | scales. (AC +1, Slay +1) [demonic ancestry]
  1570 | D:2      | Reached XP level 4. HP: 24/35 MP: 4/4
  1571 | D:2      | Quit the game

Illustrated notes

Levels and vault maps discovered:
D:1:      lemuel_arrival_funnel, layout_rooms
D:2:      minmay_evil_eye, layout_basic,
          shapermc_ecumenical_altar_mp_ritualfount, kennysheep_boxes

Skill      XL: |  1  2  3 |
---------------+----------+-----
Axes           | 3 4 |  4.4
Fighting       | |  3.0
Armour         | |  1.7
Dodging        | |  1.7

Action                   |  1- 3 |  4- 6 || total
-------------------------+-------+-------++-------
Melee: Hand axe          |    89 |       ||    89
       Punch             |     1 |       ||     1
Invok: Berserk           |     4 |       ||     4
  Use: Potion            |     1 |       ||     1
Armor: Animal skin       |    22 |       ||    22
Dodge: Dodged            |    85 |       ||    85

Table legend: (Time is in decaauts)
 A = Elapsed time spent in this place.
 B = Non-inter-level travel time spent in this place.
 C = Inter-level travel time spent in this place.
 D = Time resting spent in this place.
 E = Time spent auto-exploring this place.
 F = Levels seen in this place.
 G = Mean time per level.
                   A        B        C        D        E       F      G
               +--------+--------+--------+--------+--------+-----+--------+
         Total |   1610 |   1591 |     19 |    460 |    908 |   2 |  805.0 |
       Dungeon |   1610 |   1591 |     19 |    460 |    908 |   2 |  805.0 |
               +--------+--------+--------+--------+--------+-----+--------+

Top non-repeatable levels by time:
     D:2: 916 daAuts
     D:1: 694 daAuts
